 Dungeon Crawl Stone Soup version 0.28.0 (webtiles) character file.

Game seed: 5415111487469757369

159 adizb the Ogre Mage (level 5, -4/53 HPs)
             Began as an Ogre Fire Elementalist on Feb 4, 2022.
             Was a Believer of Wu Jian.
             Slain by a river rat (8 damage)
             ... summoned by Eustachio
             ... on level 4 of the Dungeon.
             The game lasted 00:17:42 (2371 turns).

adizb the Ogre Mage (Ogre Fire Elementalist)        Turns: 2371, Time: 00:17:42

Health: -4/53      AC:  3    Str: 14    XL:     5   Next: 40%
Magic:  5/10       EV: 10    Int: 16    God:    Wu Jian [**....]
Gold:   208        SH:  0    Dex:  9    Spells: 8/11 levels left

rFire   . . .      SeeInvis .   d - +1 short sword (vamp)
rCold   . . .      Faith    .   (no shield)
rNeg    . . .      Spirit   .   a - +0 robe
rPois   .          Reflect  .   (helmet restricted)
rElec   .          Harm     .   (no cloak)
rCorr   .          Rampage  .   (gloves unavailable)
Will    .....                   (boots unavailable)
Stlth   ..........              (no amulet)
HPRegen 0.17/turn               (no ring)
MPRegen 0.12/turn               (no ring)

@: silenced
A: large, unfitting armour, tough skin 1
a: Renounce Religion, Wall Jump


You were on level 4 of the Dungeon.
You worshipped Wu Jian.
Wu Jian was pleased with you.
You visited 1 branch of the dungeon, and saw 4 of its levels.

You collected 228 gold pieces.
You spent 20 gold pieces at shops.

Inventory:

Hand Weapons
 d - a +1 vampiric short sword (weapon)
Armour
 a - a +0 robe (worn)
Magical Staves
 h - a staff of earth
Scrolls
 e - a scroll of fear {unknown}
 j - 2 scrolls of teleportation
 m - 2 scrolls of identify
Potions
 b - a potion of resistance {unknown}
 c - a potion of magic
 f - a potion of degeneration {unknown}
 i - a potion of ambrosia {unknown}
 k - 2 potions of attraction {unknown}
 l - a potion of lignification {unknown}
 n - a potion of haste {unknown}


   Skills:
 * Level 3.4 Fighting
 + Level 2.3 Dodging
 - Level 1.4 Stealth
 * Level 3.8 Spellcasting
 + Level 1.7 Conjurations
 + Level 3.1 Fire Magic


You had 8 spell levels left.
You knew the following spells:

 Your Spells              Type           Power      Damage    Failure   Level
a - Foxfire               Conj/Fire      40%        2x1d6     6%          1
b - Scorch                Fire           26%        2d6       7%          2

Your spell library contained the following spells:

 Spells                   Type           Power      Damage    Failure   Level
 Conjure Flame            Conj/Fire      10%        6-21      19%         3
 Inner Flame              Hex/Fire       8%         N/A       26%         3
 Confusing Touch          Hex            3%         N/A       45%         3
 Flame Wave               Conj/Fire      10%        2d5       52%         4
 Petrify                  Tmut/Erth      3%         N/A       86%         4
 Metabolic Englaciation   Hex/Ice        1%         N/A       99%         5
 Yara's Violent Unravell  Hex/Tmut       1%         3d3       99%         5
 Statue Form              Tmut/Erth      2%         N/A       100%        6
 Enfeeble                 Hex            1%         N/A       100%        7


Dungeon Overview and Level Annotations

Branches:
Dungeon (4/15)
 Temple: D:4-7

Altars:
Wu Jian
The Shining One

Shops:
D:1 *

Annotations:
D:4 Eustachio


Innate Abilities, Weirdness & Mutations

You are too large for most types of armour.
You have tough skin. (AC +1)


Message History

The bat hits you but does no damage. Eustachio closely misses you.
A gnoll comes into view. It is wielding a +0 club.
The river rat barely misses you. The river rat bites you.
You barely miss Eustachio.
Eustachio is heavily wounded.
The bat hits you but does no damage. Eustachio barely misses you.
The river rat misses you. The river rat bites you.
You barely miss the river rat. The bat completely misses you.
A gnoll comes into view. It is wielding a +0 whip.
Eustachio hits you with a +3 falchion of holy wrath.
The river rat closely misses you.
The river rat bites you but does no damage.
You spin and attack the river rat.
You closely miss the river rat. The bat hits you but does no damage.
The river rat barely misses you.
You spin and attack the river rat.
You hit the river rat.
The river rat is moderately wounded.
The bat hits you but does no damage. The river rat closely misses you.
You spin and attack the bat.
You hit the bat.
You kill the bat!
The bat's corpse disappears in a puff of smoke!
Eustachio is no longer more vulnerable to fire.
You barely miss Eustachio.
Eustachio is heavily wounded.
Eustachio barely misses you. The river rat barely misses you.
You completely miss Eustachio.
Eustachio is heavily wounded.
Eustachio hits you with a +3 falchion of holy wrath.
The river rat bites you!
* * * LOW HITPOINT WARNING * * *
The river rat bites you but does no damage.
Eustachio hits you with a +3 falchion of holy wrath.
* * * LOW HITPOINT WARNING * * *
Magic scrolls do not work when you're silenced!
Magic scrolls do not work when you're silenced!
Eustachio mumbles some strange words.
Eustachio blinks!
You spin and attack the river rat.
You hit the river rat.
The river rat is moderately wounded.
The river rat bites you!
You die...

.......?...####.####............
................................
................................
..............#.#...............
...........g..._................
...........g..#.#...............
............g.g.................
..............r..(..............
.............@r@................
................................
................................
................................
..........รท.....................
.................................
.................................
.................................
.................................


You could see Eustachio, 4 gnolls and 2 river rats.

Vanquished Creatures
  Terence (D:2)
  Robin (D:3)
  A gnoll (D:1)
  4 adders (D:2)
  2 dart slugs
  3 orcs (D:3)
  4 bats
  7 endoplasms
  3 giant cockroaches
  15 goblins
  8 hobgoblins
  2 jackals (D:1)
  3 quokkas
  3 ball pythons (D:1)
  4 frilled lizards (D:1)
  2 kobolds
  5 rats
68 creatures vanquished.

Vanquished Creatures (others)
  144 foxfires
  6 fungi (D:1)
  4 toadstools (D:1)
154 creatures vanquished.

Grand Total: 222 creatures vanquished

Notes
Turn   | Place    | Note
-------+----------+-------------------------------------------
     0 | D:1      | adizb the Ogre Fire Elementalist began the quest for the
                  | Orb.
     0 | D:1      | Reached XP level 1. HP: 16/16 MP: 3/3
    79 | D:1      | Reached skill level 1 in Fighting
    79 | D:1      | Reached skill level 1 in Conjurations
    88 | D:1      | Reached XP level 2. HP: 4/27 MP: 0/5
   371 | D:1      | Found Gempeolo's General Store.
   385 | D:1      | Bought a scroll of identify for 20 gold pieces
   412 | D:1      | Reached XP level 3. HP: 30/35 MP: 5/7
   510 | D:1      | Found a faded altar of an unknown god.
   531 | D:1      | Prayed at the altar of an unknown god.
   531 | D:1      | Became a worshipper of the Wu Jian Council
   531 | D:1      | Reached * piety under Wu Jian
   594 | D:2      | Noticed Terence
   726 | D:2      | Reached XP level 4. HP: 25/44 MP: 2/8
  1259 | D:2      | Killed Terence
  1260 | D:2      | Reached XP level 5. HP: 45/53 MP: 5/10
  1489 | D:3      | Learned a level 2 spell: Scorch
  1532 | D:3      | Noticed Robin
  1555 | D:3      | Killed Robin
  1759 | D:3      | Reached ** piety under Wu Jian
  2328 | D:4      | Found a glowing golden altar of the Shining One.
  2349 | D:4      | Noticed Eustachio
  2371 | D:4      | Slain by a river rat

Illustrated notes

Levels and vault maps discovered:
D:1:      evilmike_arrival_crescent, layout_rooms,
          dreamdust_ecumenical_altar_angels_and_demons, serial_shops,
          nicolae_shop_statue_plus, minivault_26, chequers_garden,
          chequers_serial_rivers_micro_e, minmay_gold_behind_fungi
D:2:      layout_basic, uniq_terence
D:3:      layout_loops_corners, uniq_robin
D:4:      layout_layer_cave, lemuel_crystal_altar, old_standard_altar,
          uniq_eustachio

Skill      XL: |  1  2  3  4 |
---------------+-------------+-----
Fighting       | 1 2 3 |  3.4
Conjurations   | 1 |  1.7
Dodging        | 2 |  2.3
Spellcasting   | 3 |  3.8
Fire Magic     | 3 |  3.1
Stealth        | |  1.4

Action                   |  1- 3 |  4- 6 || total
-------------------------+-------+-------++-------
Melee: Unarmed           |     5 |       ||     5
       Short sword       |    29 |    60 ||    89
 Cast: Foxfire           |    40 |    42 ||    82
       Scorch            |       |     3 ||     3
Invok: Whirlwind         |       |     5 ||     5
       Lunge             |       |     2 ||     2
  Use: Scroll            |     2 |     3 ||     5
Armor: Robe              |    14 |    31 ||    45
Dodge: Dodged            |    25 |    36 ||    61
